 Dungeon Crawl Stone Soup version 0.26-b1-32-g5d43845318 (webtiles) character file.

Game seed: 11285750965085698926

288 theswoord the Firebug (level 6, -1/49 HPs)
             Began as a Naga Fire Elementalist on Jan 10, 2021.
             Was an Initiate of Vehumet.
             Slain by Grinder (3 damage)
             ... while paralysed by Grinder
             ... on level 3 of the Dungeon.
             The game lasted 00:13:24 (2871 turns).

theswoord the Firebug (Naga Fire Elementalist)      Turns: 2871, Time: 00:13:25

Health: -1/49      AC:  3    Str: 11      XL:     6   Next: 31%
Magic:  6/9        EV:  1    Int: 18 (19) God:    Vehumet [......]
Gold:   55         SH:  0    Dex: 11      Spells: 3/9 levels left

rFire    . . .     SeeInvis +   d - +0 whip
rCold    + . .     Faith    .   (no shield)
rNeg     . . .     Spirit   .   a - +0 robe
rPois    +         Reflect  .   (no helmet)
rElec    .         Harm     .   (no cloak)
rCorr    .         Rampage  .   (no gloves)
Will     .....                  (no barding)
Stlth    ++........             (no amulet)
HPRegen  0.16/turn              (no ring)
MPRegen  0.11/turn              (no ring)

@: paralysed, very slow
A: large, see invisible, blink, clever 1, cold resistance 1, deformed body,
deterioration 1, poison resistance, slowness 2, spit poison 1, AC +2
a: Spit Poison, Blink, Renounce Religion


You were on level 3 of the Dungeon.
You worshipped Vehumet.
Vehumet was noncommittal.
You visited 1 branch of the dungeon, and saw 3 of its levels.

You collected 55 gold pieces.

Inventory:

Hand Weapons
 c - a +0 short sword
 d - a +0 whip (weapon)
 f - a cursed -2 falchion
Armour
 a - a +0 robe (worn)
Scrolls
 b - 2 scrolls of remove curse
 e - a scroll of identify {unknown}
 h - a scroll of enchant armour {unknown}
Potions
 g - a potion of curing


   Skills:
 - Level 1.5 Dodging
 - Level 3.0 Stealth
 - Level 2.0 Spellcasting
 + Level 4.3 Conjurations
 + Level 5.3 Fire Magic


You had 3 spell levels left.
You knew the following spells:

 Your Spells              Type           Power        Failure   Level
a - Foxfire               Conj/Fire      76%          2%          1
b - Fireball              Conj/Fire      9%           56%         5

Your spell library contained the following spells:

 Spells                   Type           Power        Failure   Level
 Conjure Flame            Conj/Fire      19%          8%          3
 Inner Flame              Hex/Fire       11%          19%         3
 Sticky Flame             Conj/Fire      19%          26%         4


Dungeon Overview and Level Annotations

Branches:
Dungeon (3/15)

Altars:
Sif Muna
Vehumet
Yredelemnul

Annotations:
D:3 Grinder


Innate Abilities, Weirdness & Mutations

You cannot wear boots.
Your serpentine skin is tough. (AC +2)
You have supernaturally acute eyesight. (SInv)
Armour fits poorly on your strangely shaped body.
Your system is resistant to poisons. (rPois)
You cover ground very slowly.
You can spit poison.
You can translocate small distances at will.
Your mind is acute. (Int +2)
Your flesh is cold resistant. (rC+)
Your body sometimes deteriorates upon taking damage.


Message History

Grinder gestures at you.
You suddenly lose the ability to move!
Grinder hits you.
* * * LOW HITPOINT WARNING * * *
You writhe in agony.
* * * LOW HITPOINT WARNING * * *
You have got your breath back.
Grinder gestures at you.
You struggle to resist.
Grinder gestures at you.
You shrug off the repeated paralysis!
Grinder hits you.
* * * LOW HITPOINT WARNING * * *
You writhe in agony.
* * * LOW HITPOINT WARNING * * *
Grinder hits you!
* * * LOW HITPOINT WARNING * * *
Your body deteriorates!
You feel dopey.
You writhe in agony.
You die...

.. ....#######.#.#
... ...#...v......
.... ..#...#
.....#.#..§#
.......#<..#
#.......#.#####.##
..........†........
#.##########.####.#
#.#..@5......#
#.#.##########
#########.......... #
#......####...#####
####..............#
...........##.....#
#####.....####)......
#.....# .).#.###
####### #†##.#


You could see Grinder.

Vanquished Creatures
  Sigmund (D:2)
  3 gnolls (D:3)
  4 adders
  4 dart slugs
  A leopard gecko (D:1)
  A ball python (D:1)
  7 bats
  7 giant cockroaches
  7 goblins
  3 hobgoblins
  4 jackals (D:2)
  2 quokkas (D:2)
  4 frilled lizards
  11 kobolds
  7 rats
66 creatures vanquished.

Vanquished Creatures (others)
  79 foxfires
79 creatures vanquished.

Grand Total: 145 creatures vanquished

Notes
Turn   | Place    | Note
-------+----------+-------------------------------------------
     0 | D:1      | theswoord the Naga Fire Elementalist began the quest for
                  | the Orb.
     0 | D:1      | Reached XP level 1. HP: 15/15 MP: 3/3
   135 | D:1      | Reached XP level 2. HP: 22/22 MP: 1/5
   483 | D:1      | HP: 1/22 [rat (3)]
   809 | D:1      | Reached XP level 3. HP: 20/28 MP: 2/6
  1640 | D:2      | Reached skill level 4 in Fire Magic
  1640 | D:2      | Reached XP level 4. HP: 18/36 MP: 5/7
  1984 | D:2      | Noticed Sigmund
  1986 | D:2      | Gained mutation: Your flesh is cold resistant. (rC+)
                  | [potion of mutation]
  1986 | D:2      | Gained mutation: Your body sometimes deteriorates upon
                  | taking damage. [potion of mutation]
  1986 | D:2      | Gained mutation: Your mind is acute. (Int +2) [potion of
                  | mutation]
  1986 | D:2      | Gained mutation: You can translocate small distances at
                  | will. [potion of mutation]
  2006 | D:2      | HP: 1/36 [Sigmund/+0 scythe (2)]
  2007 | D:2      | Killed Sigmund
  2008 | D:2      | Reached skill level 5 in Fire Magic
  2008 | D:2      | Reached XP level 5. HP: 1/42 MP: 0/8
  2336 | D:2      | Reached XP level 6. HP: 49/49 MP: 9/9
  2428 | D:2      | Found a basalt altar of Yredelemnul.
  2428 | D:2      | Found a radiant altar of Vehumet.
  2440 | D:2      | Found a faded altar of an unknown god.
  2443 | D:2      | Became a worshipper of Vehumet
  2448 | D:2      | Found a faded altar of an unknown god.
  2449 | D:2      | Found a shimmering blue altar of Sif Muna.
  2539 | D:2      | Learned a level 5 spell: Fireball
  2841 | D:3      | Noticed Grinder
  2843 | D:3      | Paralysed by Grinder for 6 turns
  2861 | D:3      | Paralysed by Grinder for 2 turns
  2866 | D:3      | Paralysed by Grinder for 6 turns
  2871 | D:3      | HP: 2/49 [Grinder (8)]
  2871 | D:3      | Slain by Grinder

Skill      XL: |  1  2  3  4 |
---------------+-------------+-----
Conjurations   | 2 4 |  4.3
Fire Magic     | 4 5 |  5.3
Dodging        | |  1.5
Stealth        | |  3.0
Spellcasting   | |  2.0

Action                   |  1- 3 |  4- 6 || total
-------------------------+-------+-------++-------
Melee: Unarmed           |     3 |       ||     3
       Short sword       |    11 |       ||    11
       Whip              |    48 |    45 ||    93
 Cast: Foxfire           |    22 |    27 ||    49
 Abil: Spit Poison       |    16 |    16 ||    32
       Blink             |       |     3 ||     3
  Use: Potion            |       |     3 ||     3
       Scroll            |       |     3 ||     3
 Stab: Sleeping          |     2 |       ||     2
Armor: Robe              |    18 |    23 ||    41
Dodge: Dodged            |    45 |    55 ||   100

Levels and vault maps discovered:
D:1:      minmay_arrival_three_doors, layout_basic, st_stairs_9, minivault_11
D:2:      layout_rooms, chequers_temple_overflow_minitemple, uniq_sigmund
D:3:      minmay_spotlight, layout_basic, minmay_cut_off, uniq_grinder
